 Dungeon Crawl Stone Soup version 0.17.1-3-g152610e (webtiles) character file.

1078 Metrazal the Covert (level 8, -1/37 HPs)
             Began as a Spriggan Assassin on Feb 20, 2016.
             Killed by divine providence
             ... invoked by an orc priest
              (12 damage)
             ... on level 5 of the Dungeon.
             The game lasted 00:53:17 (6606 turns).

Metrazal the Covert (Spriggan Assassin)             Turns: 6606, Time: 00:53:17

Health: -1/37      AC:  3    Str:  7    XL:     8   Next: 8%
Magic:  9/9        EV: 22    Int: 13    God:
Gold:   247        SH:  0    Dex: 19    Spells: 0 memorised, 7 levels left

rFire  . . .     SeeInvis +     c - +0 hunting sling
rCold  . . .     Clarity  .     k - +0 robe
rNeg   . . .     SustAt   .     (shield restricted)
rPois  .         Gourm    .     (helmet restricted)
rElec  .         Spirit   .     d - +0 cloak
rCorr  .         Warding  .     (gloves unavailable)
rMut   .         Stasis   +     (boots unavailable)
MR     +....                    x - amulet of stasis
Stlth  +++++.....               (no ring)
                                (no ring)

@: very quick, somewhat resistant to hostile enchantments, quite stealthy
A: unfitting armour, see invisible, herbivore 3, speed 3, slow metabolism 2
a: no special abilities


You were on level 5 of the Dungeon.
You were not hungry.

You visited 1 branch of the dungeon, and saw 5 of its levels.
You also visited: Sewer.

You collected 247 gold pieces.

Inventory:

Hand Weapons
 a - a +2 dagger
 b - a +0 blowgun
 c - a +0 hunting sling (weapon)
Missiles
 e - 4 poisoned needles
 f - a curare-tipped needle
 h - 178 stones (quivered)
 i - 7 sling bullets of flame
 u - 36 sling bullets
 v - 114 arrows
Armour
 d - a +0 cloak (worn)
 k - a +0 robe (worn)
Jewellery
 x - an amulet of stasis (around neck)
Wands
 E - a wand of fireball (5)
Scrolls
 j - 6 scrolls of teleportation
 m - a scroll of amnesia {unknown}
 n - a scroll of recharging {unknown}
 o - a scroll of random uselessness
 p - a scroll of identify
 q - 2 scrolls of remove curse
 r - a scroll of enchant armour {unknown}
 y - a scroll of blinking {unknown}
 z - a scroll of fog {unknown}
 D - a scroll of noise {unknown}
Potions
 l - 3 potions of curing {unknown}
 s - a potion of haste {unknown}
 t - 3 potions of poison {unknown}
 w - 3 potions of heal wounds {unknown}
 B - a potion of magic {unknown}
 C - a potion of ambrosia {unknown}
 F - a potion of lignification {unknown}
 G - a potion of brilliance {unknown}
 H - 2 potions of might {unknown}
 I - 2 potions of flight {unknown}
 K - a potion of invisibility {unknown}
Comestibles
 g - 2 bread rations
 A - 2 slices of pizza
 J - 3 fruits


   Skills:
 - Level 1.5 Fighting
 + Level 5.0 Short Blades
 * Level 7.1(7.3) Slings
 - Level 2.0(4.2) Throwing
 + Level 6.2 Dodging
 + Level 8.7 Stealth


You had 7 spell levels left.
You didn't know any spells.

Dungeon Overview and Level Annotations

Branches:
Dungeon (5/15)
 Temple: D:4-7

Altars:
Gozag
Ru

Shops:
D:5 =


Innate Abilities, Weirdness & Mutations

You are tiny and cannot use many weapons and most armour.
You have supernaturally acute eyesight.
You are a herbivore.
You cover ground extremely quickly.
You need consume almost no food.


Message History

Your Short Blades skill increases to level 5!
The orc priest casts a cantrip, but nothing happens.
Firing (i - inventory. (,) - cycle):
h - 180 stones (quivered)
Press: ? - help, Shift-Dir - straight line, f - crimson imp
Aim: a crimson imp You shoot a stone.
The stone hits the crimson imp.
The crimson imp is moderately wounded.
Firing (i - inventory. (,) - cycle):
h - 179 stones (quivered)
Press: ? - help, Shift-Dir - straight line, f/p - crimson imp
Aim: a crimson imp (moderately wounded)
You shoot a stone.
The stone barely misses the crimson imp.
The stone hits the orc priest.
The orc priest is moderately wounded.
The orc priest calls down the wrath of Beogh upon you.
Something smites you!
* * * LOW HITPOINT WARNING * * *
The orc priest invokes the aid of Beogh against you.
Something smites you!
You die...

#...<......######..#...........
#..........# ###.##.#........
#..........#####.....∩.........
#...........##...%..#.#........
#..###.#.##....#...............
#..#...#.####>.#.####.......#..
#..#.###.####..............###.
#.... #.............##########
#.## ####...@#####..#....... #
#....#..5####.#.oo....
#..##.###.†)o(.#.o..... # ..
#####(.(...o... ###(.......
##..(.... ....... .......
.......


You could see an orc priest and a crimson imp.

Vanquished Creatures
  Duvessa (D:4)
  A phantom (D:4)
  An ice beast (D:3)
  A big kobold (Sewer)
  2 scorpions (D:4)
  Dowan (D:4)
  3 hounds
  4 orc priests
  2 orc wizards (D:5)
  A worker ant (D:4)
  A hound skeleton (D:4)
  11 adders
  3 gnolls (D:2)
  3 river rats
  An ooze (Sewer)
  4 worms
  14 orcs
  6 giant cockroaches
  4 goblins
  12 hobgoblins
  12 jackals
  A quokka (D:4)
  2 ball pythons (Sewer)
  6 bats
  3 giant geckos (D:2)
  7 giant newts
  10 kobolds
  7 rats
124 creatures vanquished.

Notes
Turn   | Place    | Note
--------------------------------------------------------------
     0 | D:1      | Metrazal the Spriggan Assassin began the quest for the Orb.
     0 | D:1      | Reached XP level 1. HP: 10/10 MP: 2/2
   241 | D:1      | Reached skill level 6 in Stealth
   247 | D:1      | Reached skill level 1 in Slings
   287 | D:1      | Reached XP level 2. HP: 14/14 MP: 3/3
  1375 | D:2      | Reached XP level 3. HP: 14/18 MP: 4/4
  1818 | D:2      | Reached XP level 4. HP: 18/22 MP: 5/5
  2300 | D:3      | Noticed an ice beast
  2317 | D:3      | Killed an ice beast
  2317 | D:3      | Reached skill level 7 in Stealth
  2317 | D:3      | Reached XP level 5. HP: 25/25 MP: 6/6
  3626 | D:4      | Reached XP level 6. HP: 30/30 MP: 7/7
  3656 | D:4      | Noticed a phantom
  3666 | D:4      | Killed a phantom
  3688 | D:4      | Reached skill level 5 in Slings
  4351 | D:4      | Found a glowing drain.
  4355 | Sewer    | Entered a sewer
  4473 | Sewer    | Reached XP level 7. HP: 25/33 MP: 8/8
  4702 | Sewer    | Reached skill level 8 in Stealth
  4804 | Sewer    | Reached skill level 5 in Dodging
  5246 | D:4      | Found Dolalos's Antique Weapon Shop.
  5363 | D:4      | Noticed Dowan
  5370 | D:4      | Noticed Duvessa
  5379 | D:4      | Killed Dowan
  5453 | D:4      | Killed Duvessa
  6203 | D:5      | Entered Level 5 of the Dungeon
  6203 | D:5      | Found Soiv's Jewellery Shoppe.
  6249 | D:5      | Reached XP level 8. HP: 30/37 MP: 9/9
  6373 | D:5      | Found a sacrificial altar of Ru.
  6497 | D:5      | Found an opulent altar of Gozag.
  6602 | D:5      | Reached skill level 5 in Short Blades
  6606 | D:5      | Killed from afar by an orc priest

Action                   |  1- 3 |  4- 6 |  7- 9 || total
-------------------------+-------+-------+-------++-------
Melee: Dagger            |    65 |   174 |   113 ||   352
 Fire: Hunting sling     |    64 |    35 |    45 ||   144
       Blowgun           |       |    27 |    29 ||    56
Throw: Stone             |     5 |     1 |     1 ||     7
  Use: Scroll            |       |     4 |       ||     4
 Stab: Sleeping          |     5 |    15 |     5 ||    25
       Distracted        |       |     1 |     2 ||     3
       Paralysed         |       |       |     1 ||     1
  Eat: Royal jelly       |       |     1 |       ||     1
       Fruit             |       |       |     1 ||     1
